 Dungeon Crawl Stone Soup version 0.31-a0-229-g1fc7ce93e2 (webtiles) character file.

Game seed: 13929751974106385408

182 qw the Shooter (level 5, 0/45 HPs)
             Began as a Minotaur Hexslinger on July 6, 2023.
             Succumbed to a kobold brigand's curare-tipped dart
             ... in a sewer.
             The game lasted 00:01:04 (2202 turns).

qw the Shooter (Minotaur Hexslinger)                Turns: 2202, Time: 00:01:04

Health: 0/45       AC:  5    Str: 12    XL:     5   Next: 34%
Magic:  5/5        EV: 11    Int: 10    God:
Gold:   107        SH:  0    Dex: 15    Spells: 5/6 levels left

rFire   . . .        Y - +1 sling
rCold   + . .        (no shield)
rNeg    . . .        k - +0 ring mail
rPois   .            (helmet restricted)
rElec   .            (no cloak)
rCorr   .            (no gloves)
SInv    .            (no boots)
Will    +....        (no amulet)
Stlth   +            e - ring of willpower
HPRegen 0.27/turn    f - ring of protection from cold
MPRegen 0.09/turn

%: no passive effects
@: lethally poisoned (0 -> -18), about to teleport, slowed, very slow
A: horns 2, retaliatory headbutt
a: no special abilities


You were in a sewer.
You visited 1 branch of the dungeon, and saw 3 of its levels.
You also visited: Sewer.

You collected 107 gold pieces.


Innate Abilities, Weirdness & Mutations

You have a pair of horns on your head.
You reflexively headbutt those who attack you in melee.


   Skills:
 - Level 3.0 Fighting
 + Level 5.4 Ranged Weapons
 - Level 1.0 Armour
 - Level 2.1 Dodging
 - Level 1.0 Spellcasting
 - Level 2.0 Hexes


You had 5 spell levels left.
You knew the following spells:

 Your Spells              Type           Power      Damage    Failure   Level
a - Slow                  Hex            16%        N/A       34%         1

Your spell library contained the following spells:

 Spells                   Type           Power      Damage    Failure   Level
 Inner Flame              Hex/Fire       2%         N/A       83%         3
 Portal Projectile        Hex/Tloc       4%         N/A       83%         3
 Cause Fear               Hex            2%         N/A       98%         4

Inventory:

Hand Weapons
 Y - a +1 sling (weapon)
Armour
 k - a +0 ring mail (worn)
Jewellery
 e - a ring of willpower (left hand)
 f - a ring of protection from cold (right hand)
 g - a ring of willpower
Scrolls
 a - a scroll of identify
Potions
 b - 2 potions of might
 d - a potion of heal wounds
 h - 2 potions of mutation {unknown}
 j - a potion of resistance {unknown}

Dungeon Overview and Level Annotations

Branches:
Dungeon (3/15)              Sewer (1/1)

Altars:
Sif Muna


Message History

Moving in this stuff is going to be slow.
You enter the shallow water.
Moving in this stuff is going to be slow. 2 kobold brigands come into view.
A kobold brigand is wielding a +0 dagger and quivering curare-tipped darts.
A kobold brigand is wielding a +0 short sword and quivering poisoned darts.
The kobold brigand shouts! x2
The kobold brigand throws a curare-tipped dart.
The curare-tipped dart hits you.
You are poisoned.
You have difficulty breathing.
You feel yourself slow down.
Enter note: You shoot a sling bullet.
The sling bullet hits the kobold brigand but does no damage.
You feel very sick.
The kobold brigand throws a curare-tipped dart.
The curare-tipped dart barely misses you.
You shoot a sling bullet.
The sling bullet hits the kobold brigand.
The kobold brigand is moderately wounded.
You feel very sick.
You shoot a sling bullet.
The sling bullet misses the kobold brigand.
You feel sick.
The kobold brigand throws a poisoned dart.
The poisoned dart hits you!
You are more poisoned.
The kobold brigand throws a curare-tipped dart.
The curare-tipped dart hits you.
You are lethally poisoned!
You have difficulty breathing.
You feel as though you will be slow longer.
The kobold brigand throws a poisoned dart.
The poisoned dart closely misses you.
You shoot a sling bullet.
The sling bullet closely misses the kobold brigand.
You feel extremely sick.
2202 ||| READING scroll of teleportation.
As you read the scroll of teleportation, it crumbles to dust.
You feel strangely unstable.
You die...

#####..~~.########...~.~~~~~~
#.~~)~##### #~~~~~#####~.
####### #~...## ~ #~~~##
#..~# #..~# ##~.~## #.~.~~#
#@###~# #~# ~# #.# ~#


~KK ~. ~#~ ~ #~ ~# #~ ~# #. .# You could see 2 kobold brigands.

Vanquished Creatures
  9 adders
  2 worms
  4 dart slugs
  9 ball pythons
  2 bats (D:1)
  5 endoplasms
  6 giant cockroaches
  5 goblins
  10 hobgoblins
  9 jackals
  5 kobolds
  8 quokkas
  A frilled lizard (D:1)
  3 rats
78 creatures vanquished.

Notes
Turn   | Place    | Note
-------+----------+-------------------------------------------
     0 | D:1      | qw the Minotaur Hexslinger began the quest for the Orb.
     0 | D:1      | Reached XP level 1. HP: 16/16 MP: 1/1
     0 | D:1      | 0 ||| qw: Version: 0.3-a-46-gb1f654a
     0 | D:1      | 0 ||| qw: Game counter: 1419
     0 | D:1      | 0 ||| qw: Melee chars always use a shield: true
     0 | D:1      | 0 ||| qw: God list: Okawaru
     0 | D:1      | 0 ||| qw: Allow faded altars: false
     0 | D:1      | 0 ||| qw: Do Orc after clearing Dungeon:15 true
     0 | D:1      | 0 ||| qw: Do second Lair branch before Depths: true
     0 | D:1      | 0 ||| qw: Lair rune preference: random
     0 | D:1      | 0 ||| qw: Goals: Normal
     0 | D:1      | 0 ||| PLANNING D:1-11
   181 | D:1      | Reached skill level 3 in Ranged Weapons
   181 | D:1      | Reached XP level 2. HP: 23/23 MP: 2/2
   572 | D:1      | 572 ||| UPGRADING to +0 ring mail.
   582 | D:1      | 582 ||| DROPPING +0 robe.
   583 | D:1      | 583 ||| READING 2 scrolls labelled JAICWONIOZ.
   584 | D:1      | 584 ||| READING scroll labelled TYAXTA KIFOB.
   585 | D:1      | 585 ||| READING 2 scrolls labelled DOID LO ETUV.
   586 | D:1      | 586 ||| READING scroll labelled PUINGEPOUNK.
   587 | D:1      | 587 ||| READING scroll labelled ABUIT ULEO.
   588 | D:1      | 588 ||| DROPPING scroll of poison.
   589 | D:1      | 589 ||| DROPPING scroll of blinking.
   721 | D:2      | Reached XP level 3. HP: 29/30 MP: 3/3
  1272 | D:2      | Reached skill level 4 in Ranged Weapons
  1291 | D:2      | Reached skill level 1 in Armour
  1291 | D:2      | Reached XP level 4. HP: 37/37 MP: 4/4
  1330 | D:2      | 1330 ||| UPGRADING to ring of willpower.
  1331 | D:2      | 1331 ||| READING scroll labelled ZIVVYESIGA.
  1332 | D:2      | 1332 ||| READING scroll labelled GYIXAH DUPUIT.
  1351 | D:3      | 1351 ||| PLANNING SEWER
  1360 | D:3      | 1360 ||| STAIRDANCE
  1705 | D:3      | Found a shimmering blue altar of Sif Muna.
  1852 | D:3      | 1852 ||| Stepping ~*~*~tactically~*~*~ (water).
  1856 | D:3      | Reached skill level 5 in Ranged Weapons
  1863 | D:3      | Found a glowing drain.
  1872 | D:3      | 1872 ||| UPGRADING to ring of protection from cold.
  1873 | D:3      | 1873 ||| DRINKING 3 coppery potions.
  1887 | Sewer    | Entered a sewer
  1931 | Sewer    | Reached skill level 3 in Fighting
  1931 | Sewer    | Reached XP level 5. HP: 45/45 MP: 5/5
  1967 | Sewer    | 1967 ||| Stepping ~*~*~tactically~*~*~ (water).
  2025 | Sewer    | 2025 ||| Stepping ~*~*~tactically~*~*~ (water).
  2088 | Sewer    | 2088 ||| Stepping ~*~*~tactically~*~*~ (water).
  2135 | Sewer    | 2135 ||| Stepping ~*~*~tactically~*~*~ (water).
  2160 | Sewer    | 2160 ||| Stepping ~*~*~tactically~*~*~ (water).
  2201 | Sewer    | HP: 5/45 [poisoned by a kobold brigand (curare-tipped
                  | dart)]
  2202 | Sewer    | 2202 ||| READING scroll of teleportation.
  2202 | Sewer    | Succumbed to a kobold brigand's curare-tipped dart

Levels and vault maps discovered:
D:1:      lemuel_arrival_room, layout_basic
D:2:      layout_basic, minmay_shallow_snake_nest
D:3:      layout_loops_ring, general_overflow_altar, gup_sewer_entry_pipe,
          gammafunk_ghost_nasty_kobolds
Sewer:    sewer_co_tree

Skill      XL: |  1  2  3  4 |
---------------+-------------+-----
Ranged Weapons | 3 4 5 |  5.4
Fighting       | 2 3 |  3.0
Armour         | 1 |  1.0
Dodging        | |  2.1
Spellcasting   | |  1.0
Hexes          | |  2.0

Action                     |  1- 3 |  4- 6 || total
---------------------------+-------+-------++-------
   Fire: Sling             |   122 |   145 ||   267
    Use: Scroll            |     5 |     3 ||     8
         Potion            |       |     1 ||     1
 Armour: Robe              |     1 |       ||     1
         Ring mail         |    26 |    27 ||    53
  Dodge: Dodged            |    69 |    59 ||   128

Table legend:
 A = Non-vault XP
 B = Vault XP
 C = Vault XP percentage of total XP
 D = Non-vault monster count
 E = Vault monster count
 F = Vault count percentage of total count
                 A         B        C        D         E       F
            +---------+---------+-------+---------+---------+-------
      Total |     155 |     105 |  40.4 |      52 |      26 |  33.3
            +---------+---------+-------+---------+---------+-------
        D:1 |      21 |       0 |   0.0 |      10 |       0 |   0.0
        D:2 |      83 |      16 |  16.2 |      23 |       4 |  14.8
        D:3 |      51 |      16 |  23.9 |      19 |       8 |  29.6
      Sewer |       0 |      73 | 100.0 |       0 |      14 | 100.0
            +---------+---------+-------+---------+---------+-------
